Map: Abyssal Reef LE

Players

GITpwned - Winner!

  • Race: Zerg Zerg
  • Spawn Location: 11:00

bruce

  • Race: Protoss Protoss
  • Spawn Location: 5:00

VOD

Have the link to the VOD?

Description

Time

  • Played on: Dec. 14, 2024, 11:01 a.m.
  • Length: 44:08
Show
View Real Time Build Order
Export as new Build Order

GITpwned Zerg - Winner!

Build Orders: Hatch First, Zergling Baneling 

Get SALT Encoding   

  12  0:00  Drone  
  13  0:17  Overlord  
  13  0:28  Drone  
  14  0:35  Drone  
  15  0:36  Drone  
  16  0:50  Hatchery  
  16  0:52  Drone  
  16  0:56  Drone  
  17  1:00  Drone  
  18  1:17  Spawning Pool  
  18  1:18  Extractor  
  16  1:21  Drone  
  17  1:26  Drone  
  18  1:39  Drone  
  19  1:49  Drone  
  20  2:07  Queen  
  22  2:11  Queen  
  22  2:14  Drone  
  22  2:15  Drone x3  
  28  2:16  Extractor  
  28  2:20  Zergling x2  
  28  2:27  Metabolic Boost  
  28  2:46  Overlord  
  28  2:47  Overlord x3  
  28  3:05  Zergling x4  
  29  3:06  Zergling x4  
  32  3:20  Drone x2  
  32  3:21  Drone  
  35  3:41  Zergling x4  
  35  3:42  Zergling x10  
  42  3:59  Lair  
  42  4:05  Baneling Nest  
  41  4:20  Evolution Chamber  
  40  4:25  Drone x7, Evolution Chamber  
  46  4:47  Zerg Melee Weapons Level 1, Extractor  
  46  4:50  Baneling x8  
  45  5:11  Pneumatized Carapace  
  45  5:27  Centrifugal Hooks  
  45  5:36  Zergling x14  
  52  5:47  Zerg Ground Armor Level 1  
  52  5:49  Overlord x6  
  52  6:08  Baneling x7  
  52  6:28  Infestation Pit  
  52  6:30  Drone x6  
  57  6:56  Overseer  
  57  6:57  Overseer x2  
  39  7:46  Zergling x16  
  46  8:10  Baneling  
  46  8:11  Baneling x4  
  46  8:12  Baneling x2  
  46  8:17  Hive  
  46  8:18  Hydralisk Den  
  45  8:30  Queen  
  45  8:34  Overlord x8  
  47  8:56  Extractor  
  46  9:05  Queen  
  48  9:11  Hatchery  
  48  9:15  Hydralisk x6  
  59  9:27  Zerg Melee Weapons Level 2  
  59  9:33  Zerg Missile Weapons Level 1  
  59  9:41  Queen  
  61  9:54  Adrenal Glands  
  61  9:57  Burrow  
  61  10:14  Drone x6  
  62  10:15  Drone x4  
  62  10:16  Drone  
  62  10:17  Queen  
  74  10:35  Queen  
  76  10:51  Spine Crawler x2  
  76  10:52  Queen  
  76  10:54  Spine Crawler  
  76  10:56  Spine Crawler  
  74  11:00  Hydralisk x6  
  86  11:09  Unknown, Overlord  
  86  11:10  Muscular Augments  
  86  11:23  Neural Parasite  
  86  11:27  Zerg Missile Weapons Level 2  
  86  12:02  Zergling x2  
  86  12:03  Zergling x22  
  98  12:13  Grooved Spines  
  98  12:27  Drone x7  
  105  12:35  Overlord x2  
  105  12:36  Overlord x2  
  94  14:18  Hydralisk x10  
  113  14:27  Baneling x8  
  113  14:28  Baneling x7  
  113  14:31  Overlord  
  113  15:18  Extractor  
  112  15:21  Overseer x9  
  112  15:26  Zergling x2  
  112  15:27  Zergling x26  
  126  16:09  Lurker Den  
  125  16:25  Extractor  
  124  17:12  Hatchery  
  123  17:17  Zerg Ground Armor Level 2, Zerg Melee Weapons Level 3  
  123  17:22  Hatchery  
  122  17:33  Hatchery  
  121  18:13  Overseer x2  
  121  18:23  Overseer  
  121  18:53  Zergling x4  
  121  18:54  Zergling x48  
  147  19:34  Zerg Missile Weapons Level 3  
  147  19:41  Spine Crawler  
  147  19:44  Spine Crawler  
  145  19:48  Spine Crawler  
  145  19:49  Spine Crawler  
  143  20:11  Lurker x9  
  143  20:12  Lurker x2  
  154  20:30  Nydus Network  
  153  21:07  Hydralisk x4  
  153  21:08  Hydralisk x4  
  169  22:53  Queen  
  169  22:57  Zerg Ground Armor Level 3  
  171  23:02  Seismic Spines  
  153  23:59  Adaptive Talons  
  147  24:45  Infestor  
  147  24:46  Infestor x3  
  147  24:47  Infestor  
  147  24:49  Infestor  
  147  24:51  Infestor x2  
  163  25:21  Viper x3  
  163  25:22  Viper x2  
  178  26:32  Extractor  
  177  26:35  Extractor  
  177  26:36  Extractor  
  177  26:39  Extractor  
  174  27:00  Hatchery  
  173  27:49  Drone x15  
  188  27:52  Overlord x11  
  188  28:24  Queen  
  190  30:19  Nydus Canal  
  190  31:09  Zergling x6  
  190  31:10  Zergling x14, Overseer x3  
  200  31:23  Baneling x7  
  200  31:24  Baneling x11  
  149  32:40  Hydralisk x3  
  149  32:41  Hydralisk x24  
  198  33:04  Infestor x8  
  198  35:07  Lurker  
  147  37:37  Zergling x2  
  147  37:38  Zergling x54  
  147  37:39  Zergling x16  
  128  38:34  Zergling x20  
  128  38:35  Zergling x16  
  139  38:46  Zergling x2  
  116  39:17  Zergling x32  
  116  39:18  Zergling x2  
  131  39:27  Zergling x2  
  115  40:00  Zergling x8  
  115  40:01  Zergling x28  
  125  40:13  Zergling x12  
  122  40:40  Zergling x4  
  122  40:41  Zergling x26  
  123  41:02  Hydralisk  
  123  41:03  Hydralisk x14  
  153  41:21  Hydralisk x14  
  181  41:26  Zergling x2  
  157  42:45  Zergling x42  
  178  42:58  Lurker x4  
  180  43:00  Lurker  
  180  43:01  Lurker x3  
  180  43:04  Lurker x13  
  190  43:36  Zergling x22  
  190  43:37  Zergling x18  
Show
View Real Time Build Order
Export as new Build Order

bruce Protoss 

Build Orders:  

Get SALT Encoding   

  12  0:00  Probe  
  13  0:21  Pylon  
  13  0:42  Gateway  
  13  0:56  Pylon  
  13  1:03  Probe  
  13  1:04  Assimilator  
  13  1:08  Assimilator  
  13  1:11  Probe  
  15  1:20  Probe  
  16  1:36  Cybernetics Core  
  16  1:38  Zealot  
  18  2:00  Probe  
  19  2:07  Warp Gate  
  19  2:29  Stalker  
  19  2:36  Probe  
  22  2:48  Probe  
  23  3:01  Gateway  
  23  3:04  Pylon  
  23  3:09  Stalker  
  23  3:11  Gateway  
  25  3:16  Probe  
  26  3:28  Probe  
  27  4:11  Stalker  
  27  4:16  Stalker  
  31  4:29  Probe  
  32  4:37  Stalker  
  34  4:39  Stalker  
  36  4:50  Probe  
  37  4:58  Stalker  
  39  5:11  Pylon  
  39  5:15  Forge  
  39  5:37  Stalker x2  
  39  5:38  Stalker  
  39  5:39  Protoss Ground Weapons Level 1  
  45  6:10  Photon Cannon  
  45  6:24  Shield Battery  
  45  6:33  Pylon  
  45  6:49  Pylon  
  45  7:05  Gateway  
  45  7:15  Robotics Facility  
  45  7:21  Pylon  
  45  7:33  Pylon  
  45  7:40  Protoss Ground Armor Level 1  
  41  8:30  Robotics Bay  
  41  9:00  Nexus  
  41  9:18  Colossus  
  47  9:36  Pylon  
  47  9:42  Protoss Shields Level 1  
  47  9:48  Pylon  
  47  9:53  Pylon  
  47  9:59  Pylon  
  47  10:09  Stalker x2  
  47  10:10  Stalker  
  47  10:11  Probe  
  53  10:19  Probe  
  54  10:25  Gateway  
  55  10:28  Probe  
  56  10:36  Pylon  
  56  10:40  Probe  
  57  10:47  Stalker  
  57  10:48  Stalker x2  
  63  10:52  Probe  
  64  11:10  Gateway  
  64  11:17  Pylon  
  64  11:21  Pylon  
  64  11:27  Probe  
  65  11:35  Probe  
  65  11:36  Assimilator  
  65  11:38  Assimilator  
  66  11:44  Probe  
  67  11:49  Extended Thermal Lance  
  67  11:52  Colossus  
  73  11:56  Probe  
  74  12:08  Probe  
  74  12:13  Stalker  
  74  12:14  Stalker x3  
  74  12:15  Stalker  
  85  12:17  Probe  
  86  12:25  Probe  
  87  12:34  Photon Cannon  
  87  12:35  Probe  
  87  12:41  Shield Battery  
  88  12:46  Colossus  
  88  12:47  Probe  
  95  12:59  Probe  
  96  13:15  Shield Battery  
  96  13:18  Photon Cannon  
  96  13:20  Probe  
  97  13:28  Probe  
  98  13:37  Probe  
  98  13:39  Stalker  
  98  13:40  Stalker x2  
  105  13:41  Stalker  
  105  13:42  Stalker  
  109  13:49  Probe  
  110  14:01  Probe  
  100  14:11  Stalker x2  
  100  14:12  Stalker x3  
  102  14:58  Pylon  
  102  15:01  Pylon, Probe  
  103  15:09  Probe  
  104  15:19  Probe  
  104  15:25  Photon Cannon  
  105  15:32  Photon Cannon  
  105  15:37  Photon Cannon  
  105  16:00  Stargate  
  105  16:06  Photon Cannon  
  105  16:21  Twilight Council  
  105  16:37  Oracle  
  105  16:46  Pylon  
  111  17:16  Fleet Beacon  
  111  17:38  Void Ray  
  112  17:51  Pylon  
  112  17:54  Pylon  
  112  17:59  Pylon  
  112  18:02  Protoss Ground Weapons Level 2  
  116  18:21  Void Ray  
  116  18:49  Nexus  
  116  19:14  Pylon  
  116  19:17  Pylon  
  116  19:32  Blink  
  116  19:42  Gateway  
  116  19:45  Gateway  
  116  19:50  Gateway  
  116  19:55  Pylon  
  116  20:03  Pylon  
  116  20:27  Protoss Ground Armor Level 2  
  116  20:54  Pylon  
  116  21:00  Pylon  
  116  21:23  Gateway  
  116  21:27  Gateway  
  116  21:34  Gateway  
  116  21:42  Gateway  
  116  22:26  Probe  
  117  22:34  Probe  
  117  22:40  Assimilator  
  117  22:44  Probe  
  118  22:47  Assimilator  
  119  22:52  Protoss Shields Level 2  
  119  22:56  Probe  
  120  22:58  Pylon  
  120  23:08  Probe  
  121  23:23  Stalker x2  
  121  23:24  Stalker x3  
  121  23:25  Stalker x2  
  121  23:26  Stalker x2  
  131  23:27  Stalker  
  131  23:28  Stalker x2  
  131  23:39  Observer  
  136  25:00  Colossus  
  136  25:03  Void Ray  
  142  25:45  Colossus  
  148  25:57  Probe  
  149  26:05  Probe  
  150  26:14  Probe  
  151  26:38  Observer  
  152  31:41  Pylon  
  152  31:45  Nexus  
  152  31:53  Pylon  
  152  32:02  Pylon  
  152  32:16  Stalker  
  152  32:17  Stalker x3  
  152  32:18  Stalker  
  152  32:19  Stalker x2  
  152  32:20  Stalker x3  
  152  32:21  Stalker  
  164  33:25  Gateway  
  164  33:32  Gateway  
  164  33:38  Gateway  
  164  33:49  Probe  
  165  33:57  Probe  
  166  34:04  Photon Cannon  
  166  34:07  Probe  
  167  34:12  Photon Cannon  
  167  34:19  Shield Battery, Probe  
  168  34:25  Photon Cannon  
  168  34:37  Stalker x2  
  168  34:38  Stalker x3  
  176  34:39  Stalker  
  176  34:40  Stalker x3  
  176  34:41  Stalker  
  176  34:42  Stalker x3  
  176  34:43  Stalker  
  196  35:34  Gateway  
  196  35:40  Pylon  
  196  35:44  Gateway  
  79  38:21  Stalker x2  
  79  38:22  Stalker x2  
  79  38:23  Stalker x2  
  79  38:25  Stalker x2  
  79  38:26  Stalker x2  
  79  38:27  Stalker x3  
  93  38:28  Stalker  
  55  38:56  Stalker x2  
  55  38:57  Stalker x2  
  55  38:58  Stalker  
  55  38:59  Stalker x2  
  55  39:00  Stalker  
  55  39:01  Stalker x3  
  55  39:02  Stalker x2  
  73  39:06  Observer  
  63  39:30  Stalker  
  63  39:31  Stalker x3  
  55  39:32  Stalker  
  55  39:33  Stalker  
  55  39:34  Stalker x2  
  55  39:35  Stalker  
  55  39:36  Stalker x3  
  55  39:38  Stalker  
  75  40:25  Gateway  
  75  40:30  Pylon  
  59  41:00  Observer  
  59  41:03  Probe  
  61  41:21  Stalker  
  61  41:22  Stalker x3  
  61  41:23  Stalker x2  
  61  41:24  Stalker x3  
  61  41:25  Stalker x2  
  81  41:26  Stalker  
  81  41:27  Stalker  
  87  41:59  Stalker x3  
  87  42:00  Stalker x4  
  101  42:01  Stalker  
  101  42:02  Stalker x2  
  101  42:03  Stalker  
Tags
 
Add a new tag
Caveats
  • Supply blocks, unpowered buildings, or Contaminate may cause inaccurate times.
  • Supply counts are checked every 10 seconds.